General information
- name: BNet
- type: Ladder team game (AT/RT)
- host: Battle.net
- saver: F0RSAKEN_KODOS
map: Mur'gulOasis
- players: 8
- length: 48:58
- speed: Fast
- version: 1.26 W3XP
- replay type: Public
» download(258 KB)
Players
team 1 (winner)

»
kenzo (
orange | 41 APM | 805 actions | 19:50)
4 Death Knight
2 Death Coil
2 Death Pact
3 Dreadlord
2 Sleep
1 Carrion Swarm
» actions
| Assign group hotkey | 26 | |
| Basic commands | 46 | |
| Build / train | 60 | |
| Enter build submenu | 10 | |
| Enter hero's abilities submenu | 7 | |
| Remove unit from queue | 3 | |
| Right click | 224 | |
| Select / deselect | 142 | |
| Select group hotkey | 239 | |
| Use ability | 48 | |
805 total
» units
| Acolyte | 4 | |
| Ghoul | 9 | |
| Gargoyle | 11 | |
| Frost Wyrm | 3 | |
| Crypt Fiend | 3 | |
30 total
» upgrades
| Creature Attack | 2 | |
| Web | 1 | |
| Freezing Breath | 1 | |
4 total
» buildings
| Altar of Darkness | 1 | |
| Ziggurat | 6 | |
| Crypt | 1 | |
| Nerubian Tower | 1 | |
| Tomb of Relics | 1 | |
| Graveyard | 1 | |
| Halls of the Dead | 1 | |
| Sacrificial Pit | 1 | |
| Black Citadel | 4 | |
| Boneyard | 2 | |
19 total
» build order
00:11 Altar of Darkness
00:13 Ziggurat
00:27 Crypt
01:06 Nerubian Tower
01:22 Ziggurat
01:45 Tomb of Relics
03:03 Graveyard
03:56 Halls of the Dead
05:10 Ziggurat
05:11 Ziggurat
05:12 Ziggurat
07:56 Sacrificial Pit
08:32 Black Citadel
08:32 Black Citadel
08:32 Black Citadel
09:19 Ziggurat
11:59 Boneyard
12:01 Boneyard
» items
| Rod of Necromancy | 2 | |
| Scroll of Town Portal | 1 | |
3 total
F0RSAKEN_KODOS (
red | 54 APM | 2649 actions | 48:58)
10 Tauren Chieftain
3 Shockwave
3 Endurance Aura
1 Reincarnation
3 War Stomp
» actions
| Assign group hotkey | 31 | |
| Basic commands | 76 | |
| Build / train | 98 | |
| ESC pressed | 2 | |
| Enter build submenu | 41 | |
| Enter hero's abilities submenu | 11 | |
| Give item / drop item | 5 | |
| Remove unit from queue | 2 | |
| Right click | 1236 | |
| Select / deselect | 571 | |
| Select group hotkey | 410 | |
| Use ability | 166 | |
2649 total
» units
| Peon | 17 | |
| Grunt | 1 | |
| Kodo Beast | 9 | |
| Wind Rider | 14 | |
41 total
» upgrades
| Spiked Barricades | 3 | |
| War Drums Damage Increase | 1 | |
| Reinforced Defenses | 1 | |
| Berserker Upgrade | 1 | |
| Armor | 3 | |
| Ranged Weapons | 3 | |
| Envenomed Spears | 1 | |
| Troll Regeneration | 1 | |
| Pillage | 1 | |
| Berserker Strength | 1 | |
16 total
» buildings
| War Mill | 1 | |
| Orc Burrow | 5 | |
| Altar of Storms | 1 | |
| Barracks | 1 | |
| Voodoo Lounge | 1 | |
| Stronghold | 4 | |
| Watch Tower | 25 | |
| Beastiary | 2 | |
| Fortress | 1 | |
| Great Hall | 1 | |
42 total
» build order
00:03 War Mill
00:06 Orc Burrow
00:47 Altar of Storms
01:23 Barracks
02:00 Orc Burrow
02:29 Voodoo Lounge
03:04 Stronghold
03:04 Stronghold
03:04 Stronghold
03:54 Orc Burrow
04:26 Watch Tower
04:27 Watch Tower
05:42 Beastiary
05:44 Beastiary
06:10 Fortress
08:00 Orc Burrow
10:46 Watch Tower
10:47 Watch Tower
11:01 Orc Burrow
15:03 Watch Tower
15:13 Watch Tower
15:23 Watch Tower
15:58 Watch Tower
22:00 Great Hall
22:04 Watch Tower
22:07 Watch Tower
22:09 Watch Tower
23:34 Watch Tower
23:42 Watch Tower
23:55 Watch Tower
24:00 Watch Tower
24:03 Watch Tower
24:11 Watch Tower
24:36 Watch Tower
24:48 Watch Tower
25:22 Watch Tower
25:25 Watch Tower
25:27 Watch Tower
28:41 Watch Tower
28:44 Watch Tower
28:56 Watch Tower
» items
| Healing Salve | 9 | |
| Lesser Clarity Potion | 5 | |
| Orb of Lightning | 1 | |
| Scroll of Town Portal | 3 | |
| Potion of Healing | 2 | |
| Scroll of Speed | 1 | |
| Boots of Speed | 1 | |
| Periapt of Vitality | 1 | |
23 total

»
NOT_U_AGAIN (
green | 9 APM | 420 actions | 48:57)
2 Archmage
1 Summon Water Elemental
1 Blizzard
» actions
| Basic commands | 1 | |
| Build / train | 46 | |
| Enter build submenu | 28 | |
| Enter hero's abilities submenu | 2 | |
| Remove unit from queue | 1 | |
| Right click | 100 | |
| Select / deselect | 198 | |
| Use ability | 43 | |
420 total
» units
| Peasant | 11 | |
| Footman | 3 | |
| Rifleman | 16 | |
30 total
» upgrades
» buildings
| Barracks | 1 | |
| Altar of Kings | 1 | |
| Farm | 6 | |
| Blacksmith | 1 | |
| Scout Tower | 11 | |
| Lumber Mill | 3 | |
| Guard Tower | 9 | |
| Keep | 1 | |
33 total
» build order
00:10 Barracks
00:14 Altar of Kings
00:39 Farm
02:02 Farm
02:43 Farm
02:47 Blacksmith
03:26 Farm
04:30 Scout Tower
05:21 Scout Tower
05:38 Lumber Mill
06:02 Scout Tower
06:36 Guard Tower
06:37 Guard Tower
06:48 Scout Tower
07:16 Guard Tower
07:33 Farm
08:13 Scout Tower
08:22 Keep
08:48 Scout Tower
08:53 Guard Tower
09:25 Guard Tower
09:54 Scout Tower
10:21 Farm
10:23 Guard Tower
14:57 Scout Tower
15:27 Guard Tower
15:32 Scout Tower
16:02 Lumber Mill
16:12 Lumber Mill
17:40 Guard Tower
17:52 Scout Tower
18:05 Scout Tower
18:40 Guard Tower

»
The-Day-After (
teal | 13 APM | 613 actions | 48:57)
2 Keeper of the Grove
1 Entangling Roots
1 Thorns Aura
2 Priestess of the Moon
1 Trueshot Aura
1 Searing Arrows
» actions
| Assign group hotkey | 10 | |
| Basic commands | 14 | |
| Build / train | 56 | |
| Enter build submenu | 14 | |
| Enter hero's abilities submenu | 5 | |
| Right click | 254 | |
| Select / deselect | 181 | |
| Select group hotkey | 40 | |
| Use ability | 39 | |
613 total
» units
| Wisp | 12 | |
| Huntress | 5 | |
| Glaive Thrower | 1 | |
| Dryad | 3 | |
| Druid of the Talon | 3 | |
| Druid of the Claw | 1 | |
| Mountain Giant | 4 | |
29 total
» upgrades
| Moon Armor | 2 | |
| Ultravision | 1 | |
| Strength of the Moon | 2 | |
| Strength of the Wild | 2 | |
| Reinforced Hides | 2 | |
| Abolish Magic | 1 | |
| Druid of the Talon Training | 1 | |
| Druid of the Claw Training | 1 | |
12 total
» buildings
| Moon Well | 5 | |
| Altar of Elders | 1 | |
| Hunter's Hall | 1 | |
| Ancient of War | 1 | |
| Tree of Ages | 1 | |
| Ancient Protector | 2 | |
| Ancient of Wonders | 1 | |
| Ancient of Lore | 1 | |
| Ancient of Wind | 1 | |
14 total
» build order
00:46 Moon Well
00:52 Altar of Elders
02:01 Hunter's Hall
02:07 Ancient of War
02:44 Moon Well
03:09 Moon Well
04:36 Tree of Ages
05:40 Ancient Protector
08:34 Ancient of Wonders
09:46 Ancient of Lore
10:03 Moon Well
11:02 Moon Well
11:23 Ancient Protector
13:07 Ancient of Wind
» items
| Scroll of Town Portal | 2 | |
| Potion of Healing | 2 | |
| Potion of Mana | 1 | |
| Periapt of Vitality | 1 | |
| Boots of Speed | 1 | |
| Potion of Lesser Invulnerability | 1 | |
8 total
team 2 (loser)
Arctican (
blue | 70 APM | 3425 actions | 48:57)
8 Warden
3 Shadow Strike
3 Blink
2 Fan of Knives
» actions
| Assign group hotkey | 73 | |
| Basic commands | 110 | |
| Build / train | 67 | |
| Enter build submenu | 17 | |
| Enter hero's abilities submenu | 9 | |
| Give item / drop item | 4 | |
| Remove unit from queue | 4 | |
| Right click | 2288 | |
| Select / deselect | 246 | |
| Select group hotkey | 254 | |
| Use ability | 353 | |
3425 total
» units
» upgrades
| Sentinel | 1 | |
| Upgrade Moon Glaive | 1 | |
| Strength of the Moon | 3 | |
| Moon Armor | 2 | |
| Well Spring | 1 | |
| Nature's Blessing | 1 | |
| Ultravision | 1 | |
10 total
» buildings
| Altar of Elders | 1 | |
| Moon Well | 7 | |
| Hunter's Hall | 1 | |
| Ancient of War | 2 | |
| Tree of Ages | 1 | |
| Tree of Eternity | 1 | |
| Ancient of Wonders | 1 | |
| Watch Tower | 7 | |
21 total
» build order
00:08 Altar of Elders
00:12 Moon Well
01:06 Hunter's Hall
01:33 Moon Well
02:00 Ancient of War
02:27 Ancient of War
02:36 Moon Well
03:30 Tree of Ages
05:32 Moon Well
05:38 Moon Well
07:39 Tree of Eternity
18:10 Ancient of Wonders
21:18 Moon Well
21:18 Moon Well
35:26 Watch Tower
35:27 Watch Tower
35:27 Watch Tower
35:28 Watch Tower
35:28 Watch Tower
35:30 Watch Tower
35:31 Watch Tower
» items
| Lesser Clarity Potion | 2 | |
| Healing Salve | 1 | |
| Scroll of Town Portal | 1 | |
| Periapt of Vitality | 2 | |
| Potion of Lesser Invulnerability | 1 | |
7 total
KodoTamer (
purple | 92 APM | 4518 actions | 48:57)
6 Tauren Chieftain
3 Endurance Aura
2 War Stomp
1 Reincarnation
» actions
| Assign group hotkey | 297 | |
| Basic commands | 377 | |
| Build / train | 86 | |
| Enter build submenu | 44 | |
| Enter hero's abilities submenu | 6 | |
| Give item / drop item | 2 | |
| Remove unit from queue | 6 | |
| Right click | 2213 | |
| Select / deselect | 677 | |
| Select group hotkey | 727 | |
| Use ability | 83 | |
4518 total
» units
| Peon | 15 | |
| Kodo Beast | 15 | |
| Troll Batrider | 7 | |
| Wind Rider | 10 | |
| Demolisher | 5 | |
52 total
» upgrades
| Spiked Barricades | 1 | |
| Liquid Fire | 1 | |
| War Drums Damage Increase | 1 | |
| Reinforced Defenses | 1 | |
| Ranged Weapons | 3 | |
| Armor | 3 | |
| Envenomed Spears | 1 | |
| Burning Oil | 1 | |
12 total
» buildings
| Altar of Storms | 1 | |
| Orc Burrow | 6 | |
| Barracks | 7 | |
| War Mill | 2 | |
| Voodoo Lounge | 1 | |
| Stronghold | 1 | |
| Watch Tower | 16 | |
| Beastiary | 3 | |
| Fortress | 1 | |
| Great Hall | 2 | |
| Spirit Lodge | 1 | |
41 total
» build order
00:38 Altar of Storms
00:43 Orc Burrow
01:08 Barracks
01:39 War Mill
01:46 Voodoo Lounge
01:50 Orc Burrow
02:59 Stronghold
03:05 Watch Tower
03:18 Watch Tower
03:31 Watch Tower
05:27 Beastiary
05:27 Beastiary
05:28 Beastiary
05:42 Watch Tower
05:44 Watch Tower
07:47 Orc Burrow
07:52 Orc Burrow
07:55 Orc Burrow
08:30 Fortress
08:38 Watch Tower
16:58 Great Hall
17:00 Watch Tower
17:01 Watch Tower
17:01 Watch Tower
17:02 Watch Tower
17:07 Watch Tower
17:08 Watch Tower
17:10 Watch Tower
17:12 Watch Tower
17:14 Watch Tower
17:37 Orc Burrow
17:44 War Mill
18:00 Spirit Lodge
21:47 Great Hall
38:42 Barracks
38:43 Barracks
38:43 Barracks
38:46 Barracks
38:48 Barracks
38:49 Barracks
» items
| Healing Salve | 2 | |
| Scroll of Speed | 1 | |
| Boots of Speed | 1 | |
| Staff of Teleportation | 1 | |
| Periapt of Vitality | 1 | |
6 total
100f00dkodos. (
pink | 61 APM | 1370 actions | 22:23)
6 Tauren Chieftain
3 Shockwave
2 Endurance Aura
1 Reincarnation
» actions
| Assign group hotkey | 25 | |
| Build / train | 49 | |
| Enter build submenu | 28 | |
| Enter hero's abilities submenu | 6 | |
| Give item / drop item | 2 | |
| Remove unit from queue | 1 | |
| Right click | 546 | |
| Select / deselect | 179 | |
| Select group hotkey | 443 | |
| Use ability | 91 | |
1370 total
» units
| Peon | 14 | |
| Grunt | 4 | |
| Kodo Beast | 5 | |
| Troll Batrider | 8 | |
31 total
» upgrades
| Reinforced Defenses | 1 | |
| Liquid Fire | 1 | |
| Ranged Weapons | 1 | |
3 total
» buildings
| Altar of Storms | 1 | |
| Orc Burrow | 6 | |
| Barracks | 1 | |
| Voodoo Lounge | 2 | |
| Stronghold | 1 | |
| War Mill | 1 | |
| Beastiary | 2 | |
| Fortress | 1 | |
| Watch Tower | 31 | |
| Great Hall | 1 | |
| Tauren Totem | 2 | |
49 total
» build order
00:10 Altar of Storms
00:15 Orc Burrow
00:39 Barracks
01:25 Orc Burrow
01:57 Voodoo Lounge
03:08 Stronghold
03:19 War Mill
03:55 Orc Burrow
04:55 Orc Burrow
04:56 Orc Burrow
05:32 Beastiary
05:36 Beastiary
06:01 Fortress
09:00 Watch Tower
09:00 Watch Tower
09:01 Watch Tower
09:02 Watch Tower
09:02 Watch Tower
09:03 Watch Tower
09:08 Watch Tower
09:09 Watch Tower
09:09 Watch Tower
09:10 Watch Tower
09:10 Watch Tower
09:10 Watch Tower
11:11 Orc Burrow
14:52 Watch Tower
14:52 Watch Tower
15:38 Watch Tower
15:39 Watch Tower
15:39 Watch Tower
15:51 Watch Tower
16:45 Watch Tower
16:46 Watch Tower
18:05 Watch Tower
18:05 Watch Tower
19:06 Watch Tower
19:07 Watch Tower
19:13 Watch Tower
19:13 Watch Tower
19:23 Watch Tower
19:32 Voodoo Lounge
21:02 Great Hall
21:55 Tauren Totem
21:56 Tauren Totem
» items
| Healing Salve | 2 | |
| Staff of Teleportation | 1 | |
| Orb of Lightning | 1 | |
| Tiny Great Hall | 1 | |
5 total

»
PronounGuy (
yellow | 28 APM | 1068 actions | 37:35)
7 Paladin
3 Devotion Aura
2 Holy Light
1 Divine Shield
1 Resurrection
» actions
| Basic commands | 5 | |
| Build / train | 85 | |
| Enter build submenu | 21 | |
| Enter hero's abilities submenu | 7 | |
| Give item / drop item | 2 | |
| Remove unit from queue | 2 | |
| Right click | 628 | |
| Select / deselect | 270 | |
| Use ability | 48 | |
1068 total
» units
| Peasant | 6 | |
| Footman | 6 | |
| Priest | 23 | |
| Rifleman | 17 | |
52 total
» upgrades
| Priest Training | 2 | |
| Magic Sentry | 1 | |
| Long Rifles | 1 | |
| Gunpowder | 2 | |
| Armor | 2 | |
| Lumber Harvesting | 1 | |
| Masonry | 1 | |
10 total
» buildings
| Altar of Kings | 1 | |
| Farm | 14 | |
| Barracks | 1 | |
| Lumber Mill | 1 | |
| Keep | 1 | |
| Blacksmith | 1 | |
| Arcane Sanctum | 1 | |
| Scout Tower | 5 | |
| Castle | 1 | |
| Guard Tower | 9 | |
35 total
» build order
00:14 Altar of Kings
00:23 Farm
00:45 Barracks
01:12 Farm
01:51 Farm
02:34 Farm
02:59 Lumber Mill
04:10 Keep
04:35 Blacksmith
06:43 Arcane Sanctum
06:46 Farm
06:49 Farm
09:13 Scout Tower
09:14 Scout Tower
09:15 Scout Tower
09:16 Scout Tower
09:17 Scout Tower
09:19 Castle
13:33 Farm
13:34 Farm
14:02 Guard Tower
14:02 Guard Tower
14:03 Guard Tower
15:00 Farm
15:01 Farm
17:48 Farm
17:48 Farm
» items
| Periapt of Vitality | 1 | |
| Circlet of Nobility | 1 | |
2 total
Chat log
(00:09 / Allies) F0RSAKEN_KODOS: plan?
(00:11 / Allies) F0RSAKEN_KODOS: mine is kodos
(00:33 / Allies) The-Day-After: i would have never guessed that
(00:37 / Allies) F0RSAKEN_KODOS: oh really
(00:54 / Allies) kenzo: Kodos they eat the enemy lol XD
(01:05 / Allies) F0RSAKEN_KODOS: like Dratsab's girlfriend
(01:35 / Allies) The-Day-After: like i'm supposed to know who the fuck that is ....
(01:43 / Allies) F0RSAKEN_KODOS: the most famous Wc3 blackstabber
(01:46 / Allies) F0RSAKEN_KODOS: before he was eaten by a whale
(01:56 / Allies) The-Day-After: so you are proud of a bser ??
(02:02 / Allies) F0RSAKEN_KODOS: yeah
(02:53 / All) KodoTamer: rhythm you have it or you don't that a fallacy
(06:32 / Allies) The-Day-After: rofl
(06:37 / Allies) F0RSAKEN_KODOS: ?
(06:44 / Allies) The-Day-After: what fucking good are your towers dumb shit
(06:52 / Allies) The-Day-After: my god
(06:52 / Allies) F0RSAKEN_KODOS: it's greeeeeeeeat!
(07:37 / Allies) The-Day-After: nice fucking army oj
(07:43 / Allies) The-Day-After: really pro
(07:46 / Allies) F0RSAKEN_KODOS: he will have one in the day after
(07:49 / Allies) The-Day-After: lmfao
(08:05 / Allies) The-Day-After: yea after we are dead and buried
(08:10 / Allies) F0RSAKEN_KODOS: ya man
(08:18 / Allies) The-Day-After: noob ass dogshit whore oj
(10:42 / Allies) NOT_U_AGAIN: b
(11:30 / Allies) F0RSAKEN_KODOS: omw
(13:52 / All) 100f00dkodos.: now teal comes
(14:00 / Allies) F0RSAKEN_KODOS: nice units teal
(14:06 / Allies) The-Day-After: so red... have you been out kondoed ..
(14:11 / Allies) F0RSAKEN_KODOS: *kodoed
(14:15 / Allies) F0RSAKEN_KODOS: these kodos,
(14:18 / Allies) F0RSAKEN_KODOS: they are forsaken
(14:41 / Allies) The-Day-After: rofl .. they are dogshit ace
(14:46 / Allies) The-Day-After: and we lose
(14:53 / Allies) NOT_U_AGAIN: tower up bro
(16:52 / Allies) F0RSAKEN_KODOS: creep middle
(17:09 / Allies) NOT_U_AGAIN: stick together
(17:12 / Allies) NOT_U_AGAIN: oj
(17:22 / Allies) NOT_U_AGAIN: ur gona die if ur by ur self
(17:25 / Allies) NOT_U_AGAIN: goshhhhhhhhh
(17:26 / Allies) NOT_U_AGAIN: fjops
(17:27 / Allies) NOT_U_AGAIN: fjsd
(17:27 / Allies) NOT_U_AGAIN: dopfj
(17:28 / Allies) NOT_U_AGAIN: dofj
(19:32 / Allies) F0RSAKEN_KODOS: why the hell are you attacking me green
(19:34 / Allies) F0RSAKEN_KODOS: with your towers
(19:35 / Allies) F0RSAKEN_KODOS: wtf
(19:50 / Allies) NOT_U_AGAIN: cuz i killed m,e
(19:55 / Allies) F0RSAKEN_KODOS: what?
(19:58 / Allies) F0RSAKEN_KODOS: I needed to get out
(20:01 / Allies) F0RSAKEN_KODOS: I killed 1 scout tower
(20:25 / Allies) The-Day-After: what dogshit
(20:30 / Allies) F0RSAKEN_KODOS: ?
(20:40 / Allies) F0RSAKEN_KODOS: I would help you but you were an asshole earlier
(20:43 / Allies) The-Day-After: go suck = kodo dick whore
(20:44 / Allies) F0RSAKEN_KODOS: dont worry we got this though
(20:54 / Allies) The-Day-After: you enjoy it im sure
(20:57 / Allies) F0RSAKEN_KODOS: I do
(21:00 / Allies) F0RSAKEN_KODOS: kodo cocks are the beast
(22:07 / Allies) The-Day-After: i think i will stay and laugh at you doghsit noob fucking whores
(22:15 / Allies) F0RSAKEN_KODOS: ok have fun friend!
(22:23 / Allies) The-Day-After: im sure i will be really funny
(22:23 / Allies) The-Day-After: you for sure red
(22:32 / Allies) The-Day-After: i will love it
(23:06 / Allies) The-Day-After: plz let me know if you need gold or wood
(23:10 / Allies) F0RSAKEN_KODOS: ok friend!
(23:19 / Allies) The-Day-After: .... so i can shit in your fucking face
(23:27 / Allies) F0RSAKEN_KODOS: of course buddy! i like scat!
(23:30 / Allies) The-Day-After: then laugh really hard
(23:43 / Allies) The-Day-After: im sure you do loser
(23:51 / Allies) F0RSAKEN_KODOS: of course friend!
(24:08 / Allies) The-Day-After: go big pro
(24:16 / Allies) F0RSAKEN_KODOS: i shall my pal!
(24:24 / Allies) The-Day-After: break out your super shit dude
(24:40 / Allies) The-Day-After: i need a good laugh
(24:42 / Allies) F0RSAKEN_KODOS: i will make sure bud!
(24:54 / Allies) The-Day-After: cause i wont get a win ... for sure
(25:25 / All) The-Day-After: plz beat the black off of red .. the kodo master ... rofl
(25:53 / All) The-Day-After: it may take a while
(25:59 / Allies) The-Day-After: but
(26:06 / All) The-Day-After: but you can do it
(26:25 / Allies) F0RSAKEN_KODOS: i can for sure my pal!
(26:26 / Allies) The-Day-After: need gold .... ???? need wood ????
(26:38 / Allies) F0RSAKEN_KODOS: i am getting wood right now from this!
(30:17 / Allies) F0RSAKEN_KODOS: i just won this teal old buddy old pal
(31:42 / Allies) F0RSAKEN_KODOS: teal you here?
(31:44 / Allies) F0RSAKEN_KODOS: we won brah
(33:56 / All) F0RSAKEN_KODOS: how do you get vision of that
(33:59 / All) F0RSAKEN_KODOS: maphack?
(34:08 / All) Arctican: already explored the palce
(34:15 / All) F0RSAKEN_KODOS: that doesn't give you vision faggot
(34:25 / All) Arctican: dont need it for blink
(34:29 / All) Arctican: check the game manual
(34:33 / All) F0RSAKEN_KODOS: OK buddy
(34:35 / All) F0RSAKEN_KODOS: the 10 year old manual is so up to date
(35:08 / Allies) F0RSAKEN_KODOS: you here teal?
(35:10 / Allies) F0RSAKEN_KODOS: we won son
(35:55 / All) F0RSAKEN_KODOS: Peons make such good xp in large numbers
(36:20 / All) F0RSAKEN_KODOS: Good work Turncoat
(36:53 / All) F0RSAKEN_KODOS: you niggers never scouted my expo all game, you clowns suck more ass than my team
(37:10 / All) The-Day-After: you silly ass dogshit cunts cant beat this piece of shit ????
(37:16 / All) F0RSAKEN_KODOS: we won son
(37:19 / All) F0RSAKEN_KODOS: how mad you are
(37:20 / All) The-Day-After: burn your fucking cds
(37:28 / All) PronounGuy: team is derp and ks
(37:30 / All) F0RSAKEN_KODOS: Teal, you are 14-24
(37:33 / All) F0RSAKEN_KODOS: Kill yourself
(37:38 / All) KodoTamer: You make the assumption that we want him to lose.
(37:44 / All) KodoTamer: Or that we want victory.
(37:51 / All) The-Day-After: oh no i gotta laugh
(37:55 / All) KodoTamer: We do not desire victory.
(38:00 / All) F0RSAKEN_KODOS: Purple and I won this game teal, and don't be afraid to admit it
(38:28 / All) F0RSAKEN_KODOS: Pink, purple, and I were working together from the start
(38:31 / All) F0RSAKEN_KODOS: The game was forever in our hands
(38:40 / Allies) The-Day-After: besids the fact purple is on the other team .. im baffales
(38:46 / All) F0RSAKEN_KODOS: We are AT you clown
(38:56 / All) F0RSAKEN_KODOS: AT vs RT is standard fool
(39:37 / All) F0RSAKEN_KODOS: uh oh my mana! what ever shall I do?
(39:56 / Allies) The-Day-After: rofl
(39:59 / All) The-Day-After: rofl
(40:13 / All) The-Day-After: you need to burn your cds....
(40:30 / All) The-Day-After: to lose to this piece of shit is absurd
(40:36 / All) F0RSAKEN_KODOS: you mad? you sound mad
(40:44 / Allies) The-Day-After: not a bit ace
(40:55 / Allies) The-Day-After: win one for the stoned
(41:01 / All) F0RSAKEN_KODOS: Teal, you are 14-24 W/L please do not shit talk me stoner faggot
(41:29 / Allies) The-Day-After: i think i can .. and ... i thik i will fuckwad
(41:38 / Allies) The-Day-After: cry about it
(41:44 / Allies) F0RSAKEN_KODOS: lol
(41:59 / All) The-Day-After: rofl
(42:17 / Allies) The-Day-After: burn you cds .. you pathetic fucking loser ass whores
(42:18 / All) F0RSAKEN_KODOS: Having a good time, teal? You said I'd never win this for us and I did, along with Turncoat who is purple
(42:24 / Allies) F0RSAKEN_KODOS: Speak in all chat you clown
(42:30 / All) The-Day-After: you lost to pure dogshit
(42:42 / All) F0RSAKEN_KODOS: 0-0 dogshit that beat your 24 loss dogshit
(42:44 / All) KodoTamer: Pink and I went kodos too tard
(43:10 / Allies) The-Day-After: .... lmfao .. so cry about it .... losers
(43:30 / Allies) F0RSAKEN_KODOS: Talk in all chat if you want to shit talk the enemy fool
(44:22 / All) KodoTamer: Blue are you enjoying watching me destroy our buildings?
(44:26 / All) Arctican: sure
(44:35 / All) F0RSAKEN_KODOS: This was a beautiful game, just because of teal. You absolutely must see my chat log, sir
(44:44 / All) Arctican: i wish i could
(44:56 / Allies) The-Day-After: i think not silly fuck
(44:57 / All) F0RSAKEN_KODOS: You can, I will upload this replay to highper.ch so all can laugh at teal
(45:14 / Allies) The-Day-After: plz dont waste your time
(45:27 / Allies) F0RSAKEN_KODOS: How would I be wasting my time, my <30% friend?
(45:35 / Allies) The-Day-After: i just laugh at the total thing
(45:52 / All) KodoTamer: since when did blink disrupt target?
(46:03 / All) The-Day-After: the man .. is superman
(46:05 / All) Arctican: dunno
(46:19 / All) The-Day-After: QUIT WASTING TIME FOR ALL OF US
(46:22 / All) KodoTamer: Why did you kill my destroyers
(46:23 / All) F0RSAKEN_KODOS: Superman sucks
(46:26 / All) F0RSAKEN_KODOS: Turncoat is batman
(46:49 / All) F0RSAKEN_KODOS: Didn't mean to, my apologies
(46:50 / All) The-Day-After: BURN YOUR CDS .. YOU SILLY ASS DOGHSIT FUCKIN LOSERS
(47:01 / All) KodoTamer: He's probably from Australia
(47:07 / All) KodoTamer: I didn't know they had computers there
(47:08 / All) F0RSAKEN_KODOS: You sound kind of mad, teal. Calm down or phone 911 for a suicide hotline!
(47:12 / All) The-Day-After: YOU LOST TO DOGSHIT
(47:18 / All) KodoTamer: Must have some kind of kangaroo mill techonology
(47:26 / All) Arctican: lol
(47:31 / All) F0RSAKEN_KODOS: He's probably from Brazil and running off of leaf-computers with his fellow tribesmen
(47:50 / All) KodoTamer: Remarkable the things they can do with technology these days
(48:01 / All) KodoTamer: Even primitives can browse for porn
(48:03 / All) F0RSAKEN_KODOS: I know, the black men of the southern americas are inventive
(48:10 / All) F0RSAKEN_KODOS: Teal should tell us how it works
(48:42 / All) F0RSAKEN_KODOS: This was a strange stab
(48:54 / All) F0RSAKEN_KODOS: Kind of what Flamechamp would have wanted as discussed on msn
(48:56 / All) F0RSAKEN_KODOS: if he didn't lag out